 Dungeon Crawl Stone Soup version 0.25-a0-248-g18654cfe15 (webtiles) character file.

Game seed: 1356098112592152582, levelgen mode: deterministic

504 RedPan the Grappler (level 6, -19/59 HPs)
             Began as a Troll Monk on Dec 4, 2019.
             Killed from afar by a raiju (25 damage)
             ... with a living lightning
             ... on level 2 of the Abyss.
             The game lasted 00:06:17 (3688 turns).

RedPan the Grappler (Troll Monk)                    Turns: 3688, Time: 00:06:18

Health: -19/59     AC:  6    Str: 20    XL:     6   Next: 96%
Magic:  5/5        EV: 10    Int:  8    God:
Gold:   196        SH:  0    Dex: 12    Spells: 5/5 levels left

rFire    . . .     SeeInvis .     - Unarmed
rCold    . . .     Gourm    +   (no shield)
rNeg     . . .     Faith    .   a - +0 robe
rPois    .         Spirit   .   (helmet restricted)
rElec    .         Reflect  .   (no cloak)
rCorr    .         Harm     .   (gloves unavailable)
MR       .....                  (boots unavailable)
Stlth    ++........             (no amulet)
HPRegen  0.59/turn              (no ring)
MPRegen  0.09/turn              (no ring)

@: about to teleport
A: large, unfitting armour, claws 3, fast metabolism 3, gourmand, regeneration
1, shaggy fur 1, tough skin 3
a: no special abilities


You were on level 2 of the Abyss.
You were very full.

You visited 1 branch of the dungeon, and saw 5 of its levels.
You visited the Abyss 1 time.
You also visited: Sewer.

You collected 196 gold pieces.

Inventory:

Armour
 a - a +0 robe (worn)
Jewellery
 v - an uncursed ring of resist corrosion {unknown}
Wands
 h - a wand of iceblast (11)
 j - a wand of disintegration (13)
Scrolls
 g - a scroll of teleportation
 i - 2 scrolls of identify
 l - a scroll of enchant weapon {unknown}
 m - 2 scrolls of fear
 r - a scroll of amnesia {unknown}
 t - a scroll of magic mapping {unknown}
Potions
 c - 4 potions of curing
 d - 3 potions of brilliance {unknown}
 e - 2 potions of magic {unknown}
 f - 3 potions of cancellation {unknown}
 k - a potion of lignification {unknown}
 n - a potion of ambrosia {unknown}
 o - a potion of mutation {unknown}
 p - 2 potions of heal wounds {unknown}
 q - 2 potions of haste {unknown}
 s - 4 potions of flight {unknown}
 u - 2 potions of might {unknown}
Comestibles
 b - 7 rations


   Skills:
 + Level 2.4 Fighting
 + Level 2.4 Dodging
 - Level 1.0 Stealth
 + Level 8.0 Unarmed Combat


You had 5 spell levels left.
You didn't know any spells.
Your spell library contained the following spells:

 Spells                   Type           Power        Failure   Level  Hunger
 Animate Skeleton         Necr           N/A          41%         1    ##.....
 Pain                     Necr           #...         41%         1    ##.....
 Regeneration             Chrm/Necr      #.........   78%         3    ####...
 Vampiric Draining        Necr           #.........   78%         3    ####...
 Animate Dead             Necr           N/A          99%         4    #####..


Dungeon Overview and Level Annotations

Branches:
Dungeon (5/15)              Sewer (visited)
 Temple: D:4-7

Altars:
Dithmenos
The Shining One

Annotations:
D:5 exclusion: gnoll sergeant


Innate Abilities, Weirdness & Mutations

You are too large for most types of armour.
You have claws for hands.
Your metabolism is lightning-fast.
You like to eat raw meat.
Your natural rate of healing is unusually fast.
You are covered in fur. (AC +1)
You have extremely tough skin. (AC +3)


Message History

You feel the power of the Abyss delaying your translocation!
Found a gateway leading deeper into the Abyss.
You see here 33 stones.
A raiju comes into view.
A raiju comes into view.
The raiju barks!
The raiju bursts into living lightning!
The living lightning misses you.
The raiju blinks!
The raiju bursts into living lightning!
The living lightning hits you! The living lightning hits you.
The raiju blinks!
The raiju bites you. The raiju shocks you!
* * * LOW HITPOINT WARNING * * *
The raiju bites you.
* * * LOW HITPOINT WARNING * * *
The raiju shocks you!
* * * LOW HITPOINT WARNING * * *
The raiju barks!
The raiju bursts into living lightning!
The living lightning hits you!!
You die...

#..## . .
##.#.##.... # ##
#........#.#. ..
#..#.....#..#
.####..#..##..#
#..###.#......##
.
#.#...(.X........
#...#.#.#.... ...
#h@#.X#.#.. .....
#.#X..#.# .. ....
#h##.##.#.. ....
#h...# .#X ##..
#....>...... # ..
#.######.#.#. ...
#. #.#.#.X .. #.
# # # .. #. #..
..#


You could see a large abomination and 3 raiju.

Vanquished Creatures
  Purgy (Sewer)
  A scorpion (D:4)
  2 orc priests (D:3)
  2 hounds
  Ijyb (D:3)
  A worker ant (D:4)
  A worker ant zombie (D:4)
  4 gnolls (D:5)
  6 adders
  An ooze (D:2)
  An adder skeleton (D:5)
  3 worms
  A dart slug (D:2)
  6 leopard geckos
  4 orcs
  8 bats
  4 giant cockroaches
  2 goblins
  6 hobgoblins
  2 jackals (D:2)
  2 quokkas
  A ball python (Sewer)
  7 frilled lizards
  5 kobolds
  4 rats
76 creatures vanquished.

Notes
Turn   | Place    | Note
-------+----------+-------------------------------------------
     0 | D:1      | RedPan the Troll Monk began the quest for the Orb.
     0 | D:1      | Reached XP level 1. HP: 22/22 MP: 0/0
   169 | D:1      | Reached XP level 2. HP: 29/29 MP: 1/1
   860 | D:2      | Reached skill level 4 in Unarmed Combat
   868 | D:2      | Reached XP level 3. HP: 36/36 MP: 2/2
  1155 | D:2      | You fall into a shaft and drop 2 floors!
  1377 | D:3      | Reached skill level 5 in Unarmed Combat
  1377 | D:3      | Reached XP level 4. HP: 36/44 MP: 3/3
  1629 | D:2      | Found a glowing golden altar of the Shining One.
  2004 | D:3      | Reached XP level 5. HP: 50/50 MP: 4/4
  2028 | D:3      | Noticed Ijyb
  2034 | D:3      | Killed Ijyb
  2034 | D:3      | Reached skill level 6 in Unarmed Combat
  2579 | D:4      | Reached XP level 6. HP: 59/59 MP: 5/5
  2628 | D:4      | Reached skill level 7 in Unarmed Combat
  2842 | D:5      | Entered Level 5 of the Dungeon
  2909 | D:5      | Found a glowing drain.
  2931 | Sewer    | Entered a sewer
  2968 | Sewer    | Noticed Purgy
  2975 | Sewer    | Killed Purgy
  3371 | D:5      | Found a shadowy altar of Dithmenos.
  3649 | D:5      | Reached skill level 8 in Unarmed Combat
  3655 | D:5      | Cast into level 2 of the Abyss (gnoll sergeant)
  3672 | Abyss:2  | Noticed a large abomination
  3677 | Abyss:2  | Noticed a raiju
  3682 | Abyss:2  | Noticed a raiju
  3683 | Abyss:2  | Noticed a raiju
  3688 | Abyss:2  | Killed from afar by a raiju

Levels and vault maps discovered:
D:1:      dpeg_arrival_circle_labyrinth_c, layout_rooms
D:2:      layout_loops_corners, serial_glass, glass_columns_a, glass_columns_a,
          nicolae_tso_swordbearing_angel
D:3:      layout_basic, minmay_strange_pillars, uniq_ijyb
D:4:      layout_rooms
D:5:      layout_basic, first_ration, portal_sewer_entry_f, hex_medium,
          nicolae_dithmenos_through_a_glass_darkly, uniq_menkaure
Abyss:2:  base: D:2, hangedman_abyss_lost_library

Skill      XL: |  1  2  3  4  5  6 |
---------------+-------------------+-----
Unarmed Combat | 4 5 6 8 |  8.0
Fighting       | |  2.4
Dodging        | |  2.4
Stealth        | |  1.0

Action                   |  1- 3 |  4- 6 || total
-------------------------+-------+-------++-------
Melee: Unarmed           |    76 |   156 ||   232
       Punch             |       |     4 ||     4
  Use: Scroll            |       |     6 ||     6
 Stab: Sleeping          |       |     3 ||     3
  Eat: Chunk             |    15 |    24 ||    39
Armor: Robe              |    40 |    61 ||   101
Dodge: Dodged            |    52 |    52 ||   104

Table legend:
 A = Non-vault XP
 B = Vault XP
 C = Vault XP percentage of total XP
 D = Non-vault monster count
 E = Vault monster count
 F = Vault count percentage of total count
                 A         B        C        D         E       F
            +---------+---------+-------+---------+---------+-------
      Total |     536 |     185 |  25.7 |      66 |      10 |  13.2
            +---------+---------+-------+---------+---------+-------
        D:1 |      25 |       0 |   0.0 |      15 |       0 |   0.0
        D:2 |      71 |       0 |   0.0 |      24 |       0 |   0.0
        D:3 |     111 |      36 |  24.5 |       8 |       1 |  11.1
        D:4 |     199 |       0 |   0.0 |       9 |       0 |   0.0
        D:5 |     130 |      11 |   7.8 |      10 |       4 |  28.6
      Sewer |       0 |     138 | 100.0 |       0 |       5 | 100.0
            +---------+---------+-------+---------+---------+-------
